 Dungeon Crawl Stone Soup version 0.31.0-9-g3a7656b989 (webtiles) character file.

Game seed: 2350724111636796153

21 qw the Shooter (level 2, -2/14 HPs)
             Began as a Spriggan Hunter on Feb 2, 2024.
             Succumbed to their own poison gas
             ... on level 1 of the Dungeon.
             The game lasted 00:00:01 (393 turns).

qw the Shooter (Spriggan Hunter)                     Turns: 393, Time: 00:00:02

Health: -2/14      AC:  3    Str:  7    XL:     2   Next: 65%
Magic:  3/3        EV: 19    Int: 10    God:
Gold:   44         SH:  5    Dex: 18    Spells: 1/1 levels left

rFire   . . .        a - +1 shortbow
rCold   . . .        (shield currently unavailable)
rNeg    . . .        c - +0 robe
rPois   .            (helmet restricted)
rElec   .            f - +0 cloak
rCorr   .            (gloves unavailable)
SInv    +            (boots unavailable)
Will    .....        g - amulet of reflection
Stlth   ++           (no ring)
HPRegen 0.22/turn    (no ring)
MPRegen 0.08/turn

%: reflection
@: lethally poisoned (-2 -> -15), very quick
A: very small, no large weapons, unfitting armour, see invisible, speed 3
a: no special abilities


You were on level 1 of the Dungeon.
You visited 1 branch of the dungeon, and saw 1 of its levels.

You collected 44 gold pieces.


Innate Abilities, Weirdness & Mutations

You are very small and have problems with some larger weapons.
You are too small for most types of armour.
You have supernaturally acute eyesight. (SInv)
You cover ground extremely quickly. (Speed+++)


   Skills:
 - Level 1.5 Fighting
 + Level 4.2 Ranged Weapons
 - Level 4.0 Dodging
 - Level 1.5 Stealth


You had one spell level left.
You didn't know any spells.
Your spell library was empty.

Inventory:

Hand Weapons
 a - a +1 shortbow (weapon)
Armour
 c - a +0 robe (worn)
 f - a +0 cloak (worn)
Jewellery
 g - an amulet of reflection (around neck)
Potions
 k - a potion of haste {unknown}

Dungeon Overview and Level Annotations

Branches:
Dungeon (1/15)

Altars:


Message History

As you read the scroll labelled TIL ODDANIR, it crumbles to dust.
It was a scroll of poison.
Done exploring.
386 ||| READING scroll labelled FENIMO WIAT BYGYEH.
As you read the scroll labelled FENIMO WIAT BYGYEH, it crumbles to dust.
It is a scroll of identify.
386 ||| IDENTIFYING murky red potion;
i - a potion of degeneration Done exploring.
387 ||| DROPPING scroll of butterflies.
You drop a scroll of butterflies.
Done exploring.
388 ||| DROPPING scroll of immolation.
You drop a scroll of immolation.
Done exploring.
389 ||| DROPPING potion of degeneration.
You drop a potion of degeneration.
Done exploring.
What level of the Dungeon? (default 1, ? - help) Sorry, I don't know how to get there.
Enter note:
Enter note:
Enter note:
Enter note:
Enter note:
Enter note:
Enter note:
Enter note:
Enter note:
Enter note:
Enter note:
Enter note: You are engulfed in poison gas.
You are lethally poisoned!
You feel very sick.
391 ||| Stepping ~*~*~tactically~*~*~ (cloud).
You feel very sick.
Things that are here:
a potion of degeneration; a scroll of immolation; a scroll of butterflies
There is a lethal amount of poison in your body!
You feel very sick.
There is a lethal amount of poison in your body!
You die...

#..#...%.......#..#####.........
#....#..¤¤¤0¤#¤¤¤0¤00¤..........
##..###..¤¤¤¤¤¤00¤¤¤¤¤##...######
....##.%.0¤¤¤0¤0¤0¤00¤¤#...#P#P#P
...##....¤¤¤¤0¤0¤¤0¤0¤¤.##.......
.........¤0¤0¤¤¤¤¤¤¤000.##.......
.........0¤¤¤0¤¤¤¤¤00¤¤.##.......
.........¤¤¤0¤000¤¤¤¤¤¤....#P#P#P
...#.....¤¤¤¤0¤0@¤¤¤¤¤¤.#########
...#.....¤¤0¤¤¤¤¤¤¤¤¤¤¤.......)..
...##....0¤¤¤¤¤¤¤¤¤¤0¤¤..........
...#.....0¤¤¤¤¤0¤¤¤¤¤¤¤.......#..
####.....0¤¤00##0###0¤¤..........
#.....0¤¤¤¤##0¤##¤¤¤..........
#.....0¤¤¤.###¤##.¤¤......)...
#..........# #.#######.#######
##........## #......##..# #


There were no monsters in sight!

Vanquished Creatures
  A dart slug (D:1)
  2 endoplasms (D:1)
  A hobgoblin (D:1)
  A jackal (D:1)
  A ball python (D:1)
  2 bats (D:1)
  3 frilled lizards (D:1)
  3 goblins (D:1)
  2 kobolds (D:1)
  5 rats (D:1)
21 creatures vanquished.

Notes
Turn   | Place    | Note
-------+----------+-------------------------------------------
     0 | D:1      | qw the Spriggan Hunter began the quest for the Orb.
     0 | D:1      | Reached XP level 1. HP: 10/10 MP: 2/2
     0 | D:1      | 0 ||| qw: Version: 0.3-a-155-g5e7d8dd
     0 | D:1      | 0 ||| qw: Game counter: 2722
     0 | D:1      | 0 ||| qw: Melee chars always use a shield: true
     0 | D:1      | 0 ||| qw: God list: Okawaru
     0 | D:1      | 0 ||| qw: Allow faded altars: false
     0 | D:1      | 0 ||| qw: Do Orc after clearing Dungeon:15 true
     0 | D:1      | 0 ||| qw: Do second Lair branch before Depths: true
     0 | D:1      | 0 ||| qw: Lair rune preference: random
     0 | D:1      | 0 ||| qw: Goals: Normal
     0 | D:1      | 0 ||| PLANNING D:1-11
    16 | D:1      | Reached skill level 3 in Dodging
    66 | D:1      | Reached XP level 2. HP: 11/14 MP: 3/3
   369 | D:1      | 369 ||| UPGRADING to +0 cloak.
   374 | D:1      | 374 ||| UPGRADING to amulet of reflection.
   379 | D:1      | 379 ||| READING 2 scrolls labelled JUL QAPNIHO.
   380 | D:1      | 380 ||| READING scroll labelled ETARRI MO YBB.
   381 | D:1      | 381 ||| READING scroll labelled TILADU XUGY.
   381 | D:1      | 381 ||| ENCHANTING +0 shortbow.
   382 | D:1      | 382 ||| READING scroll labelled DINTIO XEARIDE.
   385 | D:1      | 385 ||| READING scroll labelled TIL ODDANIR.
   386 | D:1      | 386 ||| READING scroll labelled FENIMO WIAT BYGYEH.
   386 | D:1      | 386 ||| IDENTIFYING murky red potion
   387 | D:1      | 387 ||| DROPPING scroll of butterflies.
   388 | D:1      | 388 ||| DROPPING scroll of immolation.
   389 | D:1      | 389 ||| DROPPING potion of degeneration.
   391 | D:1      | 391 ||| Stepping ~*~*~tactically~*~*~ (cloud).
   392 | D:1      | HP: 1/14 [poisoned by you (poison gas)]
   393 | D:1      | Succumbed to their own poison gas

Levels and vault maps discovered:
D:1:      minmay_arrival_plants_in_alcoves, layout_rooms,
          minmay_misc_feat_pillars, st_stairs_9, minmay_heptomino_d4

Skill      XL: |  1  2 |
---------------+-------+-----
Dodging        | 3 4 |  4.0
Fighting       | |  1.5
Ranged Weapons | |  4.2
Stealth        | |  1.5

Action                     || total
---------------------------++-------
   Fire: Shortbow          ||    40
    Use: Scroll            ||     6
 Armour: Robe              ||     2

Table legend:
 A = Non-vault XP
 B = Vault XP
 C = Vault XP percentage of total XP
 D = Non-vault monster count
 E = Vault monster count
 F = Vault count percentage of total count
                 A         B        C        D         E       F
            +---------+---------+-------+---------+---------+-------
      Total |      20 |      11 |  35.5 |      15 |       6 |  28.6
            +---------+---------+-------+---------+---------+-------
        D:1 |      20 |      11 |  35.5 |      15 |       6 |  28.6
            +---------+---------+-------+---------+---------+-------
